Map: Dusk Towers

Players

Konradk - Winner!

  • Race: Protoss Protoss

Wisperwind

  • Race: Terran Terran
  • League: Gold

VOD

Have the link to the VOD?

Description

Time

  • Played on: Nov. 24, 2015, 2:49 p.m.
  • Length: 12:15
Show
View Real Time Build Order
Export as new Build Order

Konradk Protoss - Winner!

Build Orders: 1 Gate Expand 

Get SALT Encoding   

  12  0:01  Probe (Chrono Boost)  
  13  0:11  Probe (Chrono Boost)  
  14  0:22  Probe (Chrono Boost)  
  14  0:24  Pylon  
  15  0:42  Probe (Chrono Boost)  
  16  0:50  Gateway  
  16  0:53  Probe (Chrono Boost)  
  17  0:57  Assimilator  
  17  1:03  Probe (Chrono Boost)  
  18  1:14  Probe (Chrono Boost)  
  19  1:21  Nexus  
  19  1:26  Probe (Chrono Boost)  
  20  1:37  Pylon  
  20  1:41  Cybernetics Core  
  20  1:46  Probe (Chrono Boost)  
  21  1:57  Probe (Chrono Boost), Assimilator  
  22  2:04  Gateway  
  22  2:09  Probe (Chrono Boost)  
  23  2:18  Adept  
  23  2:20  Mothership Core (Chrono Boost)  
  27  2:27  Warp Gate (Chrono Boost)  
  27  2:39  Probe (Chrono Boost)  
  27  2:43  Probe (Chrono Boost)  
  29  2:49  Probe (Chrono Boost)  
  29  3:04  Probe x2 (Chrono Boost), Robotics Facility  
  31  3:06  Adept x2  
  35  3:14  Assimilator  
  35  3:15  Probe (Chrono Boost)  
  37  3:20  Probe (Chrono Boost)  
  37  3:25  Probe (Chrono Boost)  
  38  3:30  Probe (Chrono Boost)  
  39  3:34  Pylon x2  
  39  3:36  Probe (Chrono Boost)  
  39  3:40  Probe (Chrono Boost)  
  41  3:46  Probe, Adept (Chrono Boost)  
  44  4:01  Probe x2  
  46  4:16  Warp Prism (Chrono Boost)  
  48  4:27  Pylon  
  48  4:28  Pylon  
  48  4:34  Probe x2  
  48  4:35  Twilight Council  
  48  4:37  Pylon  
  50  4:39  Pylon  
  50  4:49  Probe x2  
  52  4:53  Pylon  
  52  4:54  Nexus  
  52  4:56  Pylon  
  52  5:01  Probe x2, Pylon  
  54  5:11  Gateway  
  54  5:13  Blink (Chrono Boost)  
  54  5:22  Probe x2  
  56  5:32  Observer  
  57  5:49  Probe x2  
  59  5:53  Assimilator  
  59  5:56  Immortal  
  59  5:57  Gateway  
  63  5:58  Stalker, Gateway, Assimilator  
  63  6:01  Gateway  
  63  6:02  Gateway  
  65  6:07  Probe x2  
  67  6:13  Gateway  
  67  6:29  Probe x2  
  69  6:34  Stalker x3  
  69  6:37  Probe  
  76  6:41  Probe, Pylon  
  76  6:42  Probe  
  78  6:47  Probe  
  78  6:51  Robotics Bay  
  78  6:53  Probe, Forge  
  80  6:54  Stalker  
  80  6:55  Forge  
  80  6:57  Observer  
  80  7:00  Probe  
  83  7:01  Probe  
  83  7:03  Assimilator  
  83  7:05  Probe  
  86  7:24  Stalker  
  86  7:25  Stalker x6  
  100  7:37  Pylon, Protoss Ground Armor Level 1 (Chrono Boost)  
  100  7:40  Protoss Ground Weapons Level 1 (Chrono Boost), Gravitic Drive  
  98  7:47  Pylon  
  98  7:49  Zealot x6  
  102  8:05  Sentry  
  104  8:11  Disruptor  
  102  8:17  Nexus  
  102  8:23  Stalker x3  
  102  8:24  Stalker x2  
  111  8:32  Sentry  
  79  9:05  Probe  
  79  9:06  Probe  
  81  9:17  Probe  
  81  9:18  Probe  
  81  9:21  Disruptor  
  81  9:22  Protoss Ground Armor Level 2 (Chrono Boost), Protoss Ground Weapons Level 2 (Chrono Boost)  
  86  9:25  Nexus  
  86  9:28  Pylon  
  86  9:30  Pylon  
  86  9:31  Sentry x4  
  90  9:38  Templar Archives  
  94  9:47  Stalker x2  
  94  9:48  Stalker  
  100  10:21  Stalker x2  
  100  10:22  Stalker x4  
  112  10:31  Disruptor (Chrono Boost)  
  115  10:39  Probe  
  115  10:40  Probe x2  
  118  10:46  High Templar x3  
  118  10:48  Zealot x2  
  128  10:57  Probe  
  128  10:58  Probe x2  
  128  11:01  Assimilator  
  131  11:13  Stalker x3  
  137  11:41  Stalker x4  
  137  11:42  Stalker x3  
  137  11:44  Probe x3  
  154  11:56  Nexus  
Show
View Real Time Build Order
Export as new Build Order

Wisperwind Terran 

Build Orders: Reaper Expand, MMM Bio 

Get SALT Encoding   

  12  0:01  SCV  
  13  0:13  SCV  
  14  0:25  SCV  
  15  0:36  Supply Depot  
  15  0:37  Refinery  
  15  0:58  SCV  
  15  1:00  Barracks  
  16  1:08  Refinery  
  16  1:10  SCV  
  17  1:22  SCV  
  18  1:34  SCV  
  19  1:47  Reaper  
  19  1:48  Orbital Command  
  20  1:56  Command Center  
  20  2:07  Supply Depot  
  20  2:14  SCV  
  21  2:20  Factory  
  21  2:27  SCV  
  22  2:39  Barracks Reactor  
  22  2:48  SCV  
  22  3:00  SCV  
  22  3:02  Barracks  
  22  3:05  Factory Tech Lab, Barracks  
  23  3:10  Engineering Bay  
  23  3:12  SCV, Orbital Command  
  24  3:21  Marine x2  
  24  3:23  Widow Mine  
  24  3:24  SCV  
  29  3:36  SCV  
  29  3:38  SCV  
  29  3:39  Missile Turret  
  31  3:41  Missile Turret  
  31  3:46  Marine  
  31  3:47  Marine  
  33  3:49  SCV  
  34  3:57  Barracks Tech Lab x2  
  34  4:12  Marine x2  
  34  4:13  Siege Tank  
  34  4:16  Combat Shields  
  39  4:17  Stimpack  
  39  4:20  SCV x2  
  39  4:23  Refinery x2  
  41  4:32  SCV x2, Supply Depot x2  
  41  4:33  Marine x2  
  45  4:44  SCV  
  46  4:54  Marauder  
  46  4:57  Starport  
  48  5:00  Marine x3  
  48  5:01  Supply Depot, Widow Mine  
  48  5:03  SCV x2  
  55  5:08  Terran Infantry Weapons Level 1  
  55  5:15  SCV  
  55  5:16  SCV, Marauder  
  59  5:30  Missile Turret  
  53  5:54  SCV  
  53  5:55  SCV  
  55  6:03  Missile Turret  
  55  6:07  SCV x2  
  55  6:10  Marauder x2, Missile Turret, Marine x2  
  63  6:12  Starport Reactor  
  63  6:19  SCV x2  
  63  6:20  Concussive Shells  
  63  6:21  Supply Depot  
  65  6:31  Marauder  
  65  6:32  Marauder  
  69  6:33  Marine  
  69  6:38  Supply Depot  
  70  6:42  Marine  
  70  6:43  Supply Depot  
  71  6:48  Medivac x2  
  71  6:53  Marauder  
  77  6:55  Marine  
  77  6:59  Siege Tank  
  77  7:00  Supply Depot, Marine, Marauder  
  84  7:05  Supply Depot  
  84  7:06  Terran Infantry Armor Level 1  
  84  7:14  Marauder  
  86  7:20  Marine  
  86  7:21  Marauder  
  89  7:36  Marauder  
  91  7:38  Medivac x2  
  93  8:07  Marauder x2, Marine x2  
  99  8:25  Marine  
  100  8:28  Marauder  
  100  8:29  Marauder  
  100  8:30  Marine  
  94  8:50  Marauder x2  
  87  9:01  Marine x2  
  80  9:06  Engineering Bay  
  80  9:07  Barracks  
  80  9:09  Barracks  
  78  9:11  Marauder x2  
  78  9:12  Medivac x2  
  84  9:18  Marine  
  84  9:24  Factory  
  85  9:27  Armory  
  85  9:29  Marine  
  86  9:33  Marauder x2  
  90  9:46  Command Center  
  90  9:47  Medivac x2  
  94  9:53  Supply Depot  
  94  9:54  Supply Depot, Marauder  
  94  9:55  Supply Depot  
  94  9:58  Barracks Tech Lab  
  96  10:00  Barracks Tech Lab, Barracks  
  96  10:03  Barracks  
  96  10:07  Marine x2  
  96  10:08  Marauder  
  99  10:15  Marine  
  100  10:22  Marine, Marauder  
  100  10:25  Marine x2  
  105  10:29  Marine  
  105  10:33  Marine  
  107  10:46  Marine x2  
  107  10:47  Marine, Marauder x2  
  114  10:50  Marine  
  115  11:03  SCV x3, Refinery  
  118  11:04  Marine x2  
  118  11:05  Marauder  
  118  11:07  Refinery, Marine  
  118  11:08  Marine x2  
  125  11:18  SCV x3, Factory  
  128  11:28  Factory  
  104  11:36  Marauder x3, Marine x3  
  106  11:53  Marine  
  110  11:54  Marauder, Marine  
Tags
 
Add a new tag
Caveats
  • Supply blocks, unpowered buildings, or Contaminate may cause inaccurate times.
  • Supply counts are checked every 10 seconds.